 Dungeon Crawl Stone Soup version 0.28.0-53-g5a82cb258f (webtiles) character file.

Game seed: 13852398280216484713

2215 safid the Severer (level 9, 0/71 HPs)
             Began as a Hill Orc Fighter on Aug 17, 2022.
             Slain by an orc knight
             ... wielding a +0 broad axe
              (22 damage)
             ... in a bailey.
             The game lasted 00:09:18 (8394 turns).

safid the Severer (Hill Orc Fighter)                Turns: 8394, Time: 00:09:18

Health: 0/71       AC: 17    Str: 23    XL:     9   Next: 35%
Magic:  9/9        EV:  7    Int:  8    God:
Gold:   254        SH:  4    Dex: 10    Spells: 8/8 levels left

rFire   . . .      SeeInvis .   l - +0 broad axe (protect)
rCold   . . .      Faith    .   c - +0 buckler
rNeg    . . .      Spirit   .   i - +0 chain mail
rPois   +          Reflect  .   n - +0 helmet
rElec   .          Harm     .   (no cloak)
rCorr   .          Rampage  .   (no gloves)
Will    +....                   (no boots)
Stlth   ..........              (no amulet)
HPRegen 0.21/turn               j - ring of poison resistance
MPRegen 0.11/turn               q - ring of willpower

@: mighty, under a protective aura
A: no striking features
a: no special abilities


You were in a bailey.
You visited 2 branches of the dungeon, and saw 8 of its levels.
You also visited: Bailey.

You collected 254 gold pieces.

Inventory:

Hand Weapons
 l - a +0 broad axe of protection (weapon)
Missiles
 f - 11 poisoned darts (quivered)
Armour
 c - a +0 buckler (worn)
 i - a +0 chain mail (worn)
 n - a +0 helmet (worn)
Jewellery
 j - a ring of poison resistance (left hand)
 q - a ring of willpower (right hand)
Scrolls
 e - 5 scrolls of teleportation
 h - a scroll of fear {unknown}
 m - a scroll of enchant weapon {unknown}
 p - a scroll of amnesia
 s - a scroll of immolation {unknown}
Potions
 b - a potion of heal wounds {unknown}
 k - a potion of haste {unknown}
 o - 5 potions of mutation
 r - a potion of magic {unknown}


   Skills:
 - Level 4.0 Fighting
 + Level 15.1 Axes
 - Level 4.0 Armour
 - Level 4.0 Shields


You had 8 spell levels left.
You didn't know any spells.
Your spell library contained the following spells:

 Spells                   Type           Power      Damage    Failure   Level
 Blink                    Tloc           0%         N/A       100%        2
 Lesser Beckoning         Tloc           0%         N/A       100%        3
 Manifold Assault         Tloc           0%         N/A       100%        5


Dungeon Overview and Level Annotations

Branches:
Dungeon (7/15)             Temple (1/1) D:6          Bailey (1/1)

Altars:
Dithmenos
Elyvilon
Fedhas
Gozag
Hepliaklqana
Kikubaaqudgha
Makhleb
Nemelex Xobeh
Qazlal
Trog
Uskayaw
Vehumet
Wu Jian
Xom
Yredelemnul
Zin
The Shining One

Shops:
D:4 =


Message History

Things that are here:
a +0 hand axe; a +0 leather armour; a hobgoblin corpse
Items here: )) [[ ††.
Things that are here:
a +0 war axe; a +0 scale mail
Things that are here:
a +0 hand axe; a +0 leather armour; an orc corpse You open the door.
An orc knight and 2 goblins come into view.
The goblin shouts!
The orc knight shouts!
The goblin shouts!
A hobgoblin comes into view. It is wielding a +0 hand axe.
An orc warrior comes into view. It is wielding a +0 hand axe.
An orc comes into view. It is wielding a +0 hand axe.
There are monsters nearby!
Unknown command.
Items here: )) [[ ††.
Things that are here:
a +0 hand axe; a +0 leather armour; an orc corpse
There is an open door here.
You start waiting.
A goblin is nearby!
You closely miss the orc knight.
The orc knight hits you with a +0 broad axe!!
Unknown command.
You feel very mighty all of a sudden. The orc knight closely misses you.
You barely miss the orc knight.
The orc knight hits you with a +0 broad axe!
You hit the orc knight but do no damage.
Your weapon exudes an aura of protection.
You slash the orc knight!
The orc knight is lightly wounded.
The orc knight barely misses you.
You slash the orc knight!
The orc knight is moderately wounded.
The orc knight hits you with a +0 broad axe!
You closely miss the orc knight.
The orc knight is moderately wounded.
The orc knight hits you with a +0 broad axe!!
You die...

♣♣##'')##♣♣ ##...)[##
#....)..# ##.......##
#.........# ##.........##
#######.....⌠.....#######
##.....##.........##.....#
#......go@........'.......
##.....))##.......##....o..
#......)))#.......#.....o..
##.........##.....##........
#.....⌠.....#######..g..⌠...
##.........## ##........
#....go...# #.g......
##.......## ##.......
#.......#


You could see an orc knight and a goblin.

Vanquished Creatures
  Eustachio (D:6)
  A sky beast (Temple)
  2 ice beasts
  3 orc warriors
  A necrophage (D:6)
  A centaur (D:5)
  6 ogres
  Blork the orc (D:5)
  A scorpion (D:5)
  A water moccasin skeleton (D:6)
  2 howler monkeys
  A bullfrog zombie (D:5)
  2 jellies (D:5)
  An orc priest (D:5)
  A gnoll shaman (D:5)
  2 hounds
  4 iguanas
  2 orc wizards
  4 adders
  7 gnolls
  A white imp (D:5)
  An ufetubus (D:5)
  A worm (D:3)
  A dart slug (D:2)
  14 orcs
  5 ball pythons
  16 endoplasms
  3 giant cockroaches
  14 hobgoblins
  6 kobolds
  2 quokkas
  6 bats
  3 frilled lizards
  13 goblins
  2 rats (D:1)
132 creatures vanquished.

Notes
Turn   | Place    | Note
-------+----------+-------------------------------------------
     0 | D:1      | safid the Hill Orc Fighter began the quest for the Orb.
     0 | D:1      | Reached XP level 1. HP: 19/19 MP: 1/1
    42 | D:1      | Found a faded altar of an unknown god.
   275 | D:1      | Reached skill level 3 in Axes
   275 | D:1      | Reached XP level 2. HP: 27/27 MP: 2/2
  1380 | D:2      | Reached XP level 3. HP: 30/33 MP: 3/3
  1454 | D:2      | Found a hazy altar of Hepliaklqana.
  2312 | D:3      | Reached XP level 4. HP: 39/40 MP: 4/4
  2540 | D:3      | Reached skill level 4 in Axes
  2915 | D:3      | Found a blossoming altar of Fedhas.
  2916 | D:3      | Found a shimmering altar of Xom.
  2928 | D:3      | Found a burning altar of Makhleb.
  2929 | D:3      | Found a radiant altar of Vehumet.
  3465 | D:4      | Noticed an ogre
  3472 | D:4      | Killed an ogre
  3473 | D:4      | Reached skill level 6 in Axes
  3473 | D:4      | Reached XP level 5. HP: 21/46 MP: 5/5
  4030 | D:4      | Found Cobrygag's Jewellery Shoppe.
  4239 | D:5      | Entered Level 5 of the Dungeon
  4239 | D:5      | Noticed Blork the orc
  4239 | D:5      | Noticed an ogre
  4344 | D:4      | Killed an ogre
  4345 | D:4      | Reached skill level 7 in Axes
  4345 | D:4      | Reached XP level 6. HP: 34/52 MP: 6/6
  4460 | D:5      | HP: 1/52 [Blork the orc/+0 glaive (14)]
  4848 | D:5      | Killed Blork the orc
  4849 | D:5      | Reached skill level 8 in Axes
  5158 | D:5      | Reached XP level 7. HP: 41/59 MP: 7/7
  5423 | D:5      | Reached skill level 9 in Axes
  5566 | D:5      | Reached skill level 10 in Axes
  5601 | D:5      | Found an ornate altar of the Wu Jian Council.
  5613 | D:5      | Reached XP level 8. HP: 52/66 MP: 8/8
  5863 | D:5      | Reached skill level 11 in Axes
  6289 | D:5      | Identified the ring of Issur {Ice Drain MP-9 Int+2 Dex+8}
  6586 | D:5      | Found a sparkling altar of Nemelex Xobeh.
  6596 | D:5      | Reached skill level 12 in Axes
  6837 | D:6      | Found a staircase to the Ecumenical Temple.
  6913 | D:6      | Noticed Eustachio
  6925 | D:6      | Killed Eustachio
  6926 | D:6      | Reached skill level 13 in Axes
  7123 | Temple   | Entered the Ecumenical Temple
  7128 | Temple   | Reached skill level 14 in Axes
  7128 | Temple   | Reached XP level 9. HP: 19/71 MP: 9/9
  7867 | D:6      | You fall into a shaft and drop 1 floor!
  7923 | D:7      | Found a flagged portal.
  7946 | Bailey   | Entered a bailey
  8332 | Bailey   | Reached skill level 15 in Axes
  8371 | Bailey   | Noticed an orc knight
  8394 | Bailey   | Slain by an orc knight

Illustrated notes

Levels and vault maps discovered:
D:1:      mrwooster_arrival_statue, layout_basic,
          hellmonk_ecumenical_altar_slurped_away, hangedman_feature_mirror,
          hangedman_decor_push, patterned_corridor
D:2:      layout_basic, basic_altar
D:3:      layout_loops_cross, mainiacjoe_overflow_alcove_3,
          minmay_goblin_outpost
D:4:      nicolae_BIG_FREAKIN_CUBE, layout_basic, serial_shops, shop,
          chequers_serial_rivers_small_b
D:5:      layout_loops_corners, nemelex_dance_club_becter,
          nicolae_wu_jian_wuxing_cycle, mrwooster_statue_mirror,
          uniq_blork_the_orc
D:6:      minmay_general_purpose_star, layout_loops_ring,
          minmay_temple_entry_large_hall, uniq_eustachio
D:7:      layout_loops_corners, nicolae_hepliaklqana_hippocampus,
          general_overflow_altar, enter_bailey_4
Temple:   dpeg_chambers_temple
Bailey:   bailey_axe_minmay_hex_keep, bailey

Skill      XL: |  1  2  3  4  5  6  7  8  9 |
---------------+----------------------------+-----
Axes           | 3 6 7 8 10 14 15 | 15.1
Fighting       | 4 |  4.0
Armour         | 4 |  4.0
Shields        | 4 |  4.0

Action                   |  1- 3 |  4- 6 |  7- 9 || total
-------------------------+-------+-------+-------++-------
Melee: War axe           |    90 |   120 |   209 ||   419
       Broad axe         |       |       |    22 ||    22
Throw: Dart              |       |     2 |     1 ||     3
  Use: Scroll            |       |       |     5 ||     5
       Potion            |       |       |     1 ||     1
Armor: Scale mail        |    24 |       |       ||    24
       Chain mail        |    10 |    60 |    86 ||   156
Dodge: Dodged            |    41 |    48 |    71 ||   160
Block: Buckler           |    21 |    26 |    39 ||    86
